 Dungeon Crawl Stone Soup version 0.26-a0-660-gc07710193c (webtiles) character file.

Game seed: 10429629520451395534

14 dickylongcocking the Sneak (level 2, 0/22 HPs)
             Began as a Naga Hedge Wizard on Oct 5, 2020.
             Slain by a rat (2 damage)
             ... on level 2 of the Dungeon.
             The game lasted 00:00:36 (543 turns).

dickylongcocking the Sneak (Naga Hedge Wizard)       Turns: 543, Time: 00:00:36

Health: 0/22       AC:  1    Str: 12    XL:     2   Next: 41%
Magic:  1/6        EV: 10    Int: 14    God:
Gold:   24         SH:  0    Dex: 10    Spells: 6/7 levels left

rFire    . . .     SeeInvis +   a - +1 dagger
rCold    . . .     Faith    .   (no shield)
rNeg     . . .     Spirit   .   b - +0 robe
rPois    +         Reflect  .   c - +0 hat
rElec    .         Harm     .   (no cloak)
rCorr    .         Rampage  .   (no gloves)
MR       .....                  (no barding)
Stlth    ++........             e - amulet of regeneration
HPRegen  0.47/turn              (no ring)
MPRegen  0.10/turn              (no ring)

@: short of breath, very slightly contaminated, very slow
A: large, see invisible, deformed body, poison resistance, slowness 2, spit
poison 1, AC +0
a: Spit Poison


You were on level 2 of the Dungeon.
You visited 1 branch of the dungeon, and saw 2 of its levels.

You collected 24 gold pieces.

Inventory:

Hand Weapons
 a - a +1 dagger (weapon)
Armour
 b - a +0 robe (worn)
 c - a +0 hat (worn)
Jewellery
 d - an uncursed amulet of faith
 e - an amulet of regeneration (around neck)
Scrolls
 f - a scroll of enchant weapon


   Skills:
 + Level 1.5 Dodging
 + Level 3.4 Stealth
 + Level 3.4 Spellcasting
 + Level 1.1 Conjurations
   Level 1.0 Summonings
   Level 1.0 Translocations


You had 6 spell levels left.
You knew the following spells:

 Your Spells              Type           Power        Failure   Level
a - Magic Dart            Conj           #...         13%         1

Your spell library contained the following spells:

 Spells                   Type           Power        Failure   Level
 Blink                    Tloc           N/A          21%         2
 Call Imp                 Summ           #.......     21%         2
 Slow                     Hex            #.......     30%         2
 Conjure Flame            Conj/Fire      #.......     45%         3
 Mephitic Cloud           Conj/Pois/Air  #.......     47%         3


Dungeon Overview and Level Annotations

Branches:
Dungeon (1/15)

Altars:


Innate Abilities, Weirdness & Mutations

You cannot wear boots.
Your serpentine skin is tough. (AC +0)
You have supernaturally acute eyesight. (SInv)
Armour fits poorly on your strangely shaped body.
Your system is resistant to poisons. (rPois)
You cover ground very slowly.
You can spit poison.


Message History

The adder bites you.
Unknown command.
You miss the adder.
The adder is moderately wounded.
The adder bites you. The rat bites you. The adder bites you.
Unknown command.
You hit the adder.
The adder is heavily wounded.
The adder closely misses you. The rat bites you.
* * * LOW HITPOINT WARNING * * *
Unknown command.
You aren't carrying any potions.
You can't do that yet.
Unknown command.
As you read the scroll labeled USTUPHYUPN, it crumbles to dust.
It is a scroll of enchant weapon.
Your +0 dagger glows red for a moment.
The adder bites you.
* * * LOW HITPOINT WARNING * * *
The rat bites you.
You die...

####### #.....#
#. #.....# ...
#.....########.#
#.....#.........
#.....#......#
#........S...#!#.
#.[...#.@r....[..
#.(...#......#=#
#.....######J#
#.....# ..
###.### # #.# #.#
#.# #.#


You could see an ooze, an adder and a rat.

Vanquished Creatures
  4 goblins
  3 hobgoblins
  A kobold (D:1)
  2 bats
  A rat (D:2)
11 creatures vanquished.

Notes
Turn   | Place    | Note
-------+----------+-------------------------------------------
     0 | D:1      | dickylongcocking the Naga Hedge Wizard began the quest for
                  | the Orb.
     0 | D:1      | Reached XP level 1. HP: 15/15 MP: 4/4
   401 | D:1      | Reached XP level 2. HP: 22/22 MP: 6/6
   481 | D:1      | You fall into a shaft and drop 1 floor!
   543 | D:2      | Slain by a rat

Illustrated notes

Levels and vault maps discovered:
D:1:      minmay_arrival_diagonal_passages, layout_loops_cross,
          roderic_lattice_a
D:2:      layout_rooms, lemuel_crystal_altar, lemuel_crystal_altar,
          gammafunk_temple_overflow_statue, grunt_decor_mini_mirrors,
          corexii_item_surrounded_by_moat, corexii_hall_statues_l,
          minmay_split_cup_small

Action                   || total
-------------------------++-------
Melee: Dagger            ||     6
 Cast: Magic Dart        ||    15
 Abil: Spit Poison       ||     8
  Use: Scroll            ||     1
 Stab: Sleeping          ||     1
Armor: Robe              ||     1
Dodge: Dodged            ||     9

Table legend: (Time is in decaauts)
 A = Elapsed time spent in this place.
 B = Non-inter-level travel time spent in this place.
 C = Inter-level travel time spent in this place.
 D = Time resting spent in this place.
 E = Time spent auto-exploring this place.
 F = Levels seen in this place.
 G = Mean time per level.
                   A        B        C        D        E       F      G
               +--------+--------+--------+--------+--------+-----+--------+
         Total |    623 |    623 |      0 |      0 |    524 |   2 |  311.5 |
       Dungeon |    623 |    623 |      0 |      0 |    524 |   2 |  311.5 |
               +--------+--------+--------+--------+--------+-----+--------+

Top non-repeatable levels by time:
     D:1: 557 daAuts
     D:2: 66 daAuts
